 Dungeon Crawl Stone Soup version 0.29-a0-330-g52719c12eb (webtiles) character file.

Game seed: 16346807593963604550

1302 kae the Firebug (level 8, 0/52 HPs)
             Began as an Octopode Fire Elementalist on Apr 15, 2022.
             Succumbed to a water moccasin's poison
             ... on level 5 of the Dungeon.
             The game lasted 00:03:53 (7436 turns).

kae the Firebug (Octopode Fire Elementalist)        Turns: 7436, Time: 00:03:54

Health: 0/52       AC:  1    Str:  8    XL:     8   Next: 57%
Magic:  8/13       EV: 13    Int: 19    God:
Gold:   288        SH:  4    Dex: 12    Spells: 5/14 levels left

rFire   . . .      SeeInvis .   e - +2 dagger (venom)
rCold   . . .      Faith    .   m - +0 buckler
rNeg    + . .      Spirit   .   (helmet restricted)
rPois   .          Reflect  .   l - amulet of magic regeneration
rElec   .          Harm     .   g - ring of positive energy
rCorr   .          Rampage  .   (no ring)
Will    .....                   (no ring)
Stlth   ++++......              (no ring)
HPRegen 0.17/turn               (no ring)
MPRegen 0.53/turn               (no ring)
                                (no ring)
                                (no ring)

@: lethally poisoned (0 -> -1), very slightly contaminated
A: almost no armour, amphibious, 8 rings, camouflage 1, gelatinous body 1,
(nimble swimmer 1), tentacles
a: no special abilities


You were on level 5 of the Dungeon.
You visited 2 branches of the dungeon, and saw 6 of its levels.

You collected 288 gold pieces.

Inventory:

Hand Weapons
 e - a +2 dagger of venom (weapon)
 f - a +1 vampiric whip
Armour
 m - a +0 buckler (worn)
Jewellery
 g - a ring of positive energy (left tentacle)
 l - an amulet of magic regeneration (around mantle)
Wands
 r - a wand of flame (23)
Scrolls
 b - a scroll of enchant armour {unknown}
 d - a scroll of torment {unknown}
 i - a scroll of immolation {unknown}
 j - a scroll of noise {unknown}
 k - a scroll of teleportation {unknown}
 p - a scroll of identify
 q - a scroll of magic mapping {unknown}
Potions
 a - 2 potions of magic
 c - a potion of lignification
 h - a potion of mutation {unknown}
 n - 2 potions of heal wounds {unknown}
 o - 2 potions of brilliance {unknown}


   Skills:
 + Level 3.3 Fighting
 + Level 4.0 Dodging
 + Level 5.8 Stealth
 + Level 2.8 Shields
 + Level 3.7 Spellcasting
 + Level 3.5 Conjurations
 * Level 6.0 Fire Magic


You had 5 spell levels left.
You knew the following spells:

 Your Spells              Type           Power      Damage    Failure   Level
a - Foxfire               Conj/Fire      84%        2x1d8     2%          1
b - Scorch                Fire           52%        2d8       2%          2
c - Conjure Flame         Conj/Fire      21%        6-21      8%          3
d - Inner Flame           Hex/Fire       15%        N/A       16%         3

Your spell library contained the following spells:

 Spells                   Type           Power      Damage    Failure   Level
 Flame Wave               Conj/Fire      21%        2d7       26%         4


Dungeon Overview and Level Annotations

Branches:
Dungeon (5/15)             Temple (1/1) D:5

Altars:
Cheibriados
Dithmenos
Elyvilon
Fedhas
Gozag
Hepliaklqana
Kikubaaqudgha
Makhleb
Nemelex Xobeh
Okawaru
Qazlal
Sif Muna
Trog
Uskayaw
Vehumet
Xom
Zin
The Shining One

Annotations:
D:4 1 runed translucent door, Ezendos's ghost, amateur DrCA
D:5 exclusion: centaur


Innate Abilities, Weirdness & Mutations

You cannot wear most types of armour.
You are amphibious.
You can wear up to eight rings at the same time.
Your skin changes colour to match your surroundings (Stealth+).
Your rubbery body absorbs attacks. (AC +1, EV +1)
((You are camouflaged when in or above water. (Stealth+)))
You have tentacles for arms and can constrict up to eight enemies at once.


Message History

The water moccasin is almost dead.
The water moccasin's fire resistance burns away.
The water moccasin bites you.
You are poisoned.
The water moccasin poisons you! The water moccasin closely misses you.
You feel very sick.
The jelly jiggles.
The water moccasin closely misses you.
Casting: Scorch (safe; 2% risk of failure)
Confirm with . or Enter, or press ? or * to list all spells.
Flames lash the water moccasin.
The water moccasin is burned terribly!
You kill the water moccasin!
You feel sick.
Your Dodging skill increases to level 4!
Your Fire Magic skill increases to level 6!
You feel sick. The jelly hits you.
You are splashed with acid!
Casting: Scorch (safe; 2% risk of failure)
Confirm with . or Enter, or press ? or * to list all spells.
Flames lash the jelly.
The jelly is almost dead.
The jelly's fire resistance burns away.
You feel sick. The jelly hits you.
You are splashed with acid!
* * * LOW HITPOINT WARNING * * *
You feel sick. The jelly barely misses you.
Casting: Scorch (safe; 2% risk of failure)
Confirm with . or Enter, or press ? or * to list all spells.
You miscast Scorch.
You are very lightly contaminated with residual magic.
Nothing appears to happen.
You feel sick. The jelly hits you.
* * * LOW HITPOINT WARNING * * *
You are splashed with acid.
* * * LOW HITPOINT WARNING * * *
Okay, then.
Casting: Scorch (safe; 2% risk of failure)
Confirm with . or Enter, or press ? or * to list all spells.
Flames lash the jelly.
The jelly is burned terribly!
You kill the jelly!
* * * LOW HITPOINT WARNING * * *
You feel sick.
You die...

o..# ....# ....#
...#.....#....$#
#.o#..#..#..#).#
#..#..#..#..#).#
#.....#.....#$.#
#.....#..Y..#÷.#
################).#
..................#
................@.#
################†.#
...#.....#.....#..#
...#.....#.....#..#
#..#..#..#..#..#..#
#..#.(#..#..#..#..#
#.....#.....#.....#
.. #J....# ###


There were no monsters in sight!

Vanquished Creatures
  2 water moccasins
  A sky beast (D:5)
  An ogre (D:5)
  2 black bears
  A phantom (D:4)
  2 necrophages
  2 scorpions
  An orc priest (D:4)
  3 hounds (D:5)
  2 jellies (D:5)
  2 iguanas (D:5)
  2 orc wizards
  5 adders
  An ufetubus (D:5)
  2 worms
  3 dart slugs
  6 orcs
  4 endoplasms
  6 giant cockroaches
  7 goblins
  5 hobgoblins
  4 jackals (D:2)
  6 kobolds
  4 quokkas
  10 ball pythons
  6 bats
  2 frilled lizards (D:1)
  9 rats
101 creatures vanquished.

Vanquished Creatures (collateral kills)
  A foxfire (D:4)
1 creature vanquished.

Vanquished Creatures (others)
  320 foxfires
  8 plants (D:5)
328 creatures vanquished.

Grand Total: 430 creatures vanquished

Notes
Turn   | Place    | Note
-------+----------+-------------------------------------------
     0 | D:1      | kae the Octopode Fire Elementalist began the quest for the
                  | Orb.
     0 | D:1      | Reached XP level 1. HP: 11/11 MP: 3/3
   461 | D:1      | Reached XP level 2. HP: 17/17 MP: 0/5
  1209 | D:1      | Reached XP level 3. HP: 22/22 MP: 4/6
  1212 | D:1      | Learned a level 2 spell: Scorch
  1216 | D:1      | Learned a level 3 spell: Conjure Flame
  2144 | D:2      | Found a faded altar of an unknown god.
  2339 | D:2      | You fall into a shaft and drop 2 floors!
  2346 | D:4      | Found an opulent altar of Gozag.
  2445 | D:4      | Reached XP level 4. HP: 27/27 MP: 4/7
  2646 | D:3      | Found a radiant altar of Vehumet.
  2746 | D:3      | Reached skill level 1 in Fighting
  3417 | D:3      | Noticed a necrophage
  3429 | D:3      | Killed a necrophage
  3430 | D:3      | Reached skill level 4 in Fire Magic
  3430 | D:3      | Reached XP level 5. HP: 24/33 MP: 0/8
  4383 | D:4      | Noticed a water moccasin
  4392 | D:4      | Killed a water moccasin
  4393 | D:4      | Reached XP level 6. HP: 28/39 MP: 2/10
  4630 | D:4      | Found a shimmering altar of Xom.
  4736 | D:4      | Noticed a black bear
  4763 | D:4      | Killed a black bear
  4764 | D:4      | Reached skill level 1 in Shields
  5112 | D:4      | Found a runed translucent door.
  5116 | D:4      | Noticed Ezendos's ghost (amateur DrCA)
  5405 | D:5      | Entered Level 5 of the Dungeon
  5409 | D:5      | Reached XP level 7. HP: 45/45 MP: 8/11
  5425 | D:4      | Reached skill level 5 in Fire Magic
  5641 | D:5      | Learned a level 3 spell: Inner Flame
  5701 | D:5      | Found a staircase to the Ecumenical Temple.
  6360 | D:5      | Reached skill level 5 in Stealth
  6377 | Temple   | Entered the Ecumenical Temple
  6666 | D:5      | Found an iron altar of Okawaru.
  6666 | D:5      | Found a burning altar of Makhleb.
  6869 | D:5      | Reached XP level 8. HP: 34/51 MP: 11/13
  6874 | D:5      | HP: 1/51 [ogre/+0 giant club (21)]
  7431 | D:5      | Reached skill level 6 in Fire Magic
  7434 | D:5      | HP: 2/52 [acid (6)]
  7436 | D:5      | Succumbed to a water moccasin's poison

Illustrated notes

Levels and vault maps discovered:
D:1:      dpeg_arrival_subterranean_lakeside_camping, layout_loops_ring,
          hangedman_decor_opposing
D:2:      layout_rooms, dreamdust_ecumenical_altar_angels_and_demons
D:3:      layout_basic, nicolae_vehumet_radiance, st_stairs_8
D:4:      layout_basic, mainiacjoe_overflow_boulevard,
          mainiacjoe_overflow_cross_hatched, serial_bayou, serial_bayou_shore_b,
          serial_bayou_ford_a, serial_bayou_pond_d, serial_bayou_pond_a,
          ebering_ghost_sewer_d
D:5:      kennysheep_windowed_halls, layout_cave_pods,
          gammafunk_temple_overflow_wave, minmay_temple_entry_stoned_glass,
          serial_bayou, serial_bayou_pond_a, serial_bayou_crossing,
          serial_bayou_shore_b, serial_bayou_pond_a, st_stairs_13
Temple:   dshaligram_water_room_temple

Skill      XL: |  1  2  3  4  5  6  7  8 |
---------------+-------------------------+-----
Stealth        | 3 4 5 |  5.8
Fighting       | 1 2 3 |  3.3
Fire Magic     | 4 5 6 |  6.0
Conjurations   | 2 3 |  3.5
Dodging        | 3 4 |  4.0
Shields        | 1 2 |  2.8
Spellcasting   | 3 |  3.7

Action                   |  1- 3 |  4- 6 |  7- 9 || total
-------------------------+-------+-------+-------++-------
Melee: Unarmed           |    30 |     2 |       ||    32
       Constrict         |     6 |     5 |     2 ||    13
       Tentacles         |     6 |     2 |     2 ||    10
       Whip              |       |    18 |     1 ||    19
       Dagger            |       |       |     7 ||     7
 Cast: Foxfire           |    83 |    58 |    46 ||   187
       Scorch            |       |    13 |    20 ||    33
  Use: Scroll            |     1 |       |       ||     1
       Potion            |       |     1 |     1 ||     2
 Stab: Sleeping          |     1 |     3 |       ||     4
Armor: Skin              |     5 |     7 |     1 ||    13
Dodge: Dodged            |    34 |    24 |    22 ||    80
Block: Buckler           |       |       |     2 ||     2

Table legend: (Time is in decaauts)
 A = Elapsed time spent in this place.
 B = Non-inter-level travel time spent in this place.
 C = Inter-level travel time spent in this place.
 D = Time resting spent in this place.
 E = Time spent auto-exploring this place.
 F = Levels seen in this place.
 G = Mean time per level.
                   A        B        C        D        E       F      G
               +--------+--------+--------+--------+--------+-----+--------+
         Total |   7419 |   7182 |    237 |    946 |   5359 |   6 | 1236.5 |
       Dungeon |   7255 |   7044 |    211 |    946 |   5230 |   5 | 1451.0 |
        Temple |    163 |    138 |     25 |      0 |    129 |   1 |  163.0 |
               +--------+--------+--------+--------+--------+-----+--------+

Top non-repeatable levels by time:
     D:5: 1688 daAuts
     D:1: 1545 daAuts
     D:4: 1478 daAuts
     D:3: 1471 daAuts
     D:2: 1072 daAuts
  Temple: 163 daAuts
